 Dungeon Crawl Stone Soup version 0.24.1-8-ga250c9d538 (webtiles) character file.

Game seed: 9246691725884896987, levelgen mode: deterministic

91 Peloso the Skirmisher (level 4, -4/36 HPs)
             Began as a Demonspawn Fighter on May 8, 2020.
             Slain by Grinder (8 damage)
             ... while paralysed by Grinder
             ... on level 3 of the Dungeon.
             The game lasted 00:03:32 (1649 turns).

Peloso the Skirmisher (Demonspawn Fighter)          Turns: 1649, Time: 00:03:32

Health: -4/36      AC:  6    Str: 17    XL:     4   Next: 34%
Magic:  4/4        EV:  2    Int: 10    God:
Gold:   96         SH:  0    Dex: 12    Spells: 3/3 levels left

rFire    . . .     SeeInvis +   a - +0 long sword
rCold    + . .     Gourm    .   c - +0 shield
rNeg     . . .     Faith    .   b - +0 scale mail
rPois    .         Spirit   .   (no helmet)
rElec    .         Reflect  .   (no cloak)
rCorr    .         Harm     .   (no gloves)
MR       .....                  (no boots)
Stlth    ..........             (no amulet)
HPRegen  0.12/turn              h - ring of see invisible
MPRegen  0.09/turn              m - ring of attention (curse)

@: paralysed
A: claws 1, cold resistance 1
a: no special abilities


You were on level 3 of the Dungeon.
You were hungry.

You visited 1 branch of the dungeon, and saw 3 of its levels.

You collected 96 gold pieces.

Inventory:

Hand Weapons
 a - a +0 long sword (weapon)
Armour
 b - a +0 scale mail (worn)
 c - a +0 shield (worn)
Jewellery
 h - a ring of see invisible (left claw)
 i - an uncursed ring of positive energy
 m - a cursed ring of attention (right claw)
 p - an uncursed amulet of magic regeneration
Scrolls
 e - 2 scrolls of identify
 g - a scroll of immolation {unknown}
 j - 2 scrolls of teleportation
 k - 2 scrolls of enchant armour {unknown}
 n - a scroll of fog {unknown}
 r - a scroll of remove curse {unknown}
 s - a scroll of magic mapping {unknown}
Potions
 d - a potion of might
 l - a potion of agility {unknown}
 o - a potion of flight {unknown}
 q - a potion of invisibility {unknown}
 t - 2 potions of curing
Comestibles
 f - 3 rations


   Skills:
 + Level 3.6 Fighting
 + Level 2.3 Long Blades
 + Level 3.1 Armour
 + Level 0.4 Dodging
 + Level 0.1 Stealth
 + Level 3.4 Shields


You had 3 spell levels left.
You didn't know any spells.
Your spell library was empty.

Dungeon Overview and Level Annotations

Branches:
Dungeon (3/15)

Altars:
Kikubaaqudgha
Nemelex Xobeh

Annotations:
D:2 Sigmund
D:3 Grinder


Innate Abilities, Weirdness & Mutations

You have sharp fingernails.
Your flesh is cold resistant. (rC+)


Message History

You shrug off the repeated paralysis!
Grinder hits you but does no damage. Grinder gestures at you.
You shrug off the repeated paralysis!
Grinder hits you.
You can move again.
Your scale mail prevents you from hitting Grinder.
Grinder blinks!
Unknown command.
Grinder says, "You look like you could use a good racking."
Unknown command.
Grinder gestures at you.
You suddenly lose the ability to move!
Grinder hits you but does no damage. Grinder hits you!
* * * LOW HITPOINT WARNING * * *
You writhe in agony.
* * * LOW HITPOINT WARNING * * *
Grinder hits you!
You die...

#. #.#
####.####.#
..........#######
#.....†....#
#.#######.##
#.#....<#.#
#.#.#####.#
#5#.#####.#
#@#.....#.#
#.#..##.#.#
#.#.....#.#
#.##.#..#.#
..##.#..#.#
..##.#..#†#
##.##.#..#)#
..##.#..#.#
...#.####.#


You could see Grinder.

Vanquished Creatures
  Jessica (D:2)
  2 adders (D:2)
  A worm (D:3)
  2 dart slugs (D:2)
  A leopard gecko (D:2)
  A bat (D:2)
  2 giant cockroaches
  6 hobgoblins
  5 kobolds
  2 quokkas
  4 frilled lizards
  8 goblins
  5 rats
40 creatures vanquished.

Notes
Turn   | Place    | Note
-------+----------+-------------------------------------------
     0 | D:1      | Peloso the Demonspawn Fighter began the quest for the Orb.
     0 | D:1      | Reached XP level 1. HP: 18/18 MP: 1/1
   190 | D:1      | Gained mutation: Your flesh is cold resistant. (rC+)
                  | [demonic ancestry]
   190 | D:1      | Reached XP level 2. HP: 23/24 MP: 2/2
   567 | D:1      | Found a sparkling altar of Nemelex Xobeh.
   881 | D:2      | Noticed Sigmund
   886 | D:2      | HP: 1/24 [Sigmund/+5 scythe of freezing (2)]
  1251 | D:2      | Reached XP level 3. HP: 28/29 MP: 3/3
  1333 | D:2      | Noticed Jessica
  1340 | D:2      | Killed Jessica
  1372 | D:2      | Found an ancient bone altar of Kikubaaqudgha.
  1386 | D:2      | Gained mutation: You have sharp fingernails. [demonic
                  | ancestry]
  1386 | D:2      | Reached XP level 4. HP: 21/36 MP: 4/4
  1629 | D:3      | Noticed Grinder
  1629 | D:3      | Paralysed by Grinder for 3 turns
  1635 | D:3      | Paralysed by Grinder for 5 turns
  1644 | D:3      | Paralysed by Grinder for 6 turns
  1649 | D:3      | Slain by Grinder

Levels and vault maps discovered:
D:1:      dpeg_arrival_oval, layout_loops_ring, nemelex_diamond_rough_becter
D:2:      layout_basic, overflow_temple_1_default, uniq_sigmund, uniq_jessica
D:3:      layout_basic, makhleb_blood_cavern_becter, first_ration, uniq_grinder

Skill      XL: |  1  2  3 |
---------------+----------+-----
Long Blades    | 2 |  2.3
Shields        | 3 |  3.4
Armour         | 3 |  3.1
Fighting       | |  3.6
Dodging        | |  0.4
Stealth        | |  0.1

Action                   |  1- 3 |  4- 6 || total
-------------------------+-------+-------++-------
Melee: Long sword        |   107 |    40 ||   147
  Use: Scroll            |     3 |       ||     3
       Potion            |     2 |       ||     2
  Eat: Chunk             |     2 |       ||     2
Armor: Scale mail        |    49 |    16 ||    65
Dodge: Dodged            |    23 |    12 ||    35
Block: Shield            |    55 |    13 ||    68
       Rpst.: Long sword |     5 |     3 ||     8
